 Dungeon Crawl Stone Soup version 0.14.1-24-gbdbe590 (webtiles) character file.

239 DaftWullie the Cutter (level 5, -9/51 HPs)
             Began as a Kobold Berserker on June 18, 2014.
             Was a Priest of Trog.
             Mangled by an orc
             ... wielding a +2,+1 whip of electrocution
              (22 damage)
             ... on Level 3 of the Dungeon on June 19, 2014.
             The game lasted 00:18:57 (2368 turns).

DaftWullie the Cutter (Kobold Berserker)            Turns: 2368, Time: 00:18:57

HP  -9/51        AC  5     Str 21      XL: 5   Next: 65%
MP   5/5         EV 13     Int  5      God: Trog [***...]
Gold 83          SH  0     Dex 16      Spells:  0 memorised,  4 levels left

rFire  . . .     SeeInvis .     a - +0 short sword
rCold  . . .     Clarity  .     g - +0 ring mail
rNeg   . . .     Conserve .     (no shield)
rPois  .         rCorr    .     (no helmet)
rElec  .         rRot     .     (no cloak)
SustAb . .       Spirit   .     (no gloves)
rMut   .         Warding  .     (no boots)
Saprov + + .     Stasis   .     (no amulet)
MR     .....                    q - ring of flight
                                i - ring of invisibility

@: berserking, very quick, not resistant to hostile enchantments, extremely
unstealthy
A: disease resistance, carnivore 3, saprovore 2
a: Burn Spellbooks, Berserk, Trog's Hand, Renounce Religion, Evoke Invisibility,
Evoke Flight


You were on level 3 of the Dungeon.
You worshipped Trog.
Trog was most pleased with you.
You were very full.

You visited 1 branch of the dungeon, and saw 4 of its levels.

You collected 83 gold pieces.

Inventory:

Hand weapons
 a - a +0,+0 short sword (weapon)
Armour
 b - a +0 animal skin
 g - a +0 ring mail (worn)
 t - a +0 robe
Comestibles
 c - 2 meat rations
Scrolls
 d - 2 scrolls of teleportation {unknown}
 f - a scroll of fear {unknown}
 k - 2 scrolls of amnesia {unknown}
 l - a scroll of enchant weapon I {unknown}
 n - a scroll of fog {unknown}
 o - a scroll of identify {unknown}
 p - a scroll of remove curse {unknown}
Jewellery
 i - a ring of invisibility (left hand)
 q - a ring of flight (right hand)
Potions
 e - 5 potions of curing {unknown}
 j - a potion of confusion {unknown}
 m - 2 potions of heal wounds {unknown}
 r - a potion of flight {unknown}
 s - a potion of paralysis {unknown}


   Skills:
 + Level 4.3 Fighting
 * Level 5.8 Short Blades
 + Level 1.3 Throwing
 - Level 1.5 Armour
 + Level 3.9 Dodging
 + Level 0.4 Stealth


You had 4 spell levels left.
You didn't know any spells.

Dungeon Overview and Level Annotations

Branches:
Dungeon (4/15)
 Temple: D:4-7

Altars:
Dithmenos
Fedhas
The Shining One

Annotations:
D:2 exclusion: oklob plant


Innate Abilities, Weirdness & Mutations

You recuperate from illness quickly.
You are small and have problems with some larger weapons.
You are carnivorous and can eat meat at any time.
You can eat rotten meat.


Message History

You hit the orc but do no damage. The orc completely misses you.
You hit the orc.
The orc is moderately wounded.
You hit the orc but do no damage.
The orc is moderately wounded.
The orc hits you.
You hit the orc.
The orc is moderately wounded.
The orc barely misses you.
You hit the orc.
You kill the orc!
Trog accepts your kill.
You closely miss something. You hit something. Something hits you.
You are electrocuted!
* * * LOW HITPOINT WARNING * * *
Use which ability? (? or * to list)
A red film seems to cover your vision as you go berserk!
You feel yourself moving faster!
You feel mighty!
You feel somewhat less full. Something hits you but does no damage.
You are electrocuted!
You die...

#### #.....# #.....## #......
#.....# #.....##### #
#......@[.#
##.##.....###)##############
...............(((o(o.(...<..
.#>##...........##########).
##.#.#......# #..
#.#.######## #.. #.#.# #..
#.#.# ### #.#.#


There were no monsters in sight!

Vanquished Creatures
  2 big fish (D:2)
  3 adders
  3 orcs (D:3)
  4 giant cockroaches
  11 goblins
  3 hobgoblins
  3 jackals (D:2)
  8 kobolds
  A quokka (D:2)
  A ball python (D:1)
  8 bats
  4 giant geckos
  5 giant newts
  8 rats
64 creatures vanquished.

Vanquished Creatures (others)
  8 toadstools (D:2)
8 creatures vanquished.

Grand Total: 72 creatures vanquished

Notes
Turn   | Place    | Note
--------------------------------------------------------------
     0 | D:1      | DaftWullie, the Kobold Berserker, began the quest for the Orb.
     0 | D:1      | Reached XP level 1. HP: 14/14 MP: 1/1
   148 | D:1      | Reached XP level 2. HP: 16/19 MP: 2/2
   163 | D:1      | Found a glowing golden altar of the Shining One.
   606 | D:1      | Acquired Trog's second power
   675 | D:2      | Reached XP level 3. HP: 16/24 MP: 3/3
   877 | D:2      | Found a shadowy altar of Dithmenos.
  1004 | D:2      | Reached XP level 4. HP: 29/29 MP: 4/4
  1070 | D:2      | Found a blossoming altar of Fedhas.
  1087 | D:2      | Reached skill level 5 in Short Blades
  1141 | D:2      | Reached XP level 5. HP: 5/33 MP: 5/5
  1646 | D:2      | Reached skill level 1 in Throwing
  2055 | D:2      | Noticed an oklob plant
  2368 | D:3      | Mangled by an orc

Action                   |  1- 3 |  4- 6 || total
-------------------------+-------+-------++-------
Melee: Short sword       |   111 |   160 ||   271
Throw: Dart              |     2 |    36 ||    38
Invok: Berserk           |     1 |     3 ||     4
       Trog's Hand       |       |     1 ||     1
 Stab: Sleeping          |     1 |       ||     1
